Map: Polka LE

Players

VirtualRepka

  • Race: Zerg Zerg
  • League: Platinum
  • Spawn Location: 5:00

Proto

  • Race: Protoss Protoss
  • Spawn Location: 5:00

Massa - Winner!

  • Race: Terran Terran
  • League: Platinum
  • Spawn Location: 11:00

qqq - Winner!

  • Race: Zerg Zerg
  • League: Platinum
  • Spawn Location: 11:00

VOD

Have the link to the VOD?

Description

Time

  • Played on: Nov. 23, 2020, 3:08 p.m.
  • Length: 27:57
Show
View Real Time Build Order
Export as new Build Order

VirtualRepka Zerg 

Build Orders: Hatch First 

Get SALT Encoding   

  12  0:01  Drone  
  13  0:13  Overlord  
  13  0:18  Drone  
  14  0:31  Drone x2  
  17  0:35  Drone  
  17  0:45  Drone  
  18  1:01  Hatchery  
  18  1:03  Drone  
  18  1:08  Extractor  
  17  1:17  Drone  
  18  1:23  Drone  
  19  1:31  Drone  
  20  1:34  Spawning Pool  
  20  1:39  Drone  
  20  2:05  Drone x2  
  22  2:13  Hatchery  
  21  2:17  Drone  
  22  2:26  Drone  
  22  2:28  Metabolic Boost  
  23  2:43  Zergling x2  
  23  2:49  Drone x4  
  27  2:55  Baneling Nest  
  27  2:56  Queen  
  28  2:59  Overlord  
  28  3:14  Spine Crawler, Zergling x2  
  28  3:24  Zergling x2  
  28  3:25  Zergling x6  
  32  3:27  Zergling x4  
  34  3:36  Zergling x2  
  34  3:41  Zergling x4  
  37  3:46  Baneling  
  37  3:47  Baneling x2  
  37  3:50  Zergling x4  
  37  3:51  Zergling x2  
  40  3:59  Hatchery  
  18  4:35  Drone  
  18  4:36  Drone x7  
  26  4:45  Drone x2  
  28  4:51  Baneling x2  
  28  4:59  Drone x3  
  31  5:12  Spore Crawler  
  30  5:15  Queen  
  30  5:18  Drone x2  
  30  5:20  Drone  
  35  5:22  Drone  
  36  5:31  Drone x2  
  36  5:32  Evolution Chamber  
  36  5:33  Drone  
  38  5:35  Drone  
  38  5:38  Drone  
  38  5:40  Drone  
  41  5:43  Drone  
  41  5:44  Drone  
  41  5:46  Drone  
  41  5:49  Drone  
  45  5:51  Drone  
  45  5:55  Drone  
  47  5:57  Overlord  
  47  6:08  Overlord  
  47  6:15  Overlord  
  47  6:19  Burrow  
  47  6:21  Zerg Melee Weapons Level 1  
  47  6:23  Queen  
  47  6:25  Evolution Chamber  
  48  6:29  Spore Crawler  
  47  6:33  Spore Crawler  
  46  6:41  Spine Crawler  
  46  6:43  Queen  
  47  6:48  Drone  
  47  6:51  Drone  
  47  6:52  Drone  
  50  6:57  Overlord  
  50  7:00  Extractor, Zergling x8  
  50  7:01  Zergling x12  
  58  7:20  Overlord  
  58  7:29  Overlord  
  58  7:31  Hatchery  
  58  7:32  Drone x3  
  58  7:34  Lair  
  60  7:38  Zerg Missile Weapons Level 1  
  60  7:39  Overlord  
  60  7:54  Overlord  
  60  7:58  Zergling x4  
  62  8:03  Hatchery  
  62  8:05  Drone x6, Extractor x2  
  65  8:06  Drone  
  65  8:09  Drone  
  65  8:11  Drone  
  68  8:20  Overlord  
  68  8:29  Drone x2  
  68  8:30  Drone  
  68  8:34  Spine Crawler  
  70  8:37  Overlord  
  70  8:39  Baneling x3  
  70  8:41  Baneling  
  70  8:44  Drone  
  71  8:49  Pneumatized Carapace  
  71  8:53  Centrifical Hooks  
  71  8:54  Queen  
  73  8:55  Zerg Melee Weapons Level 2  
  73  9:02  Overlord  
  73  9:04  Drone x4  
  73  9:05  Drone  
  78  9:18  Drone  
  78  9:19  Drone x7  
  86  9:26  Overlord  
  86  9:27  Overlord  
  86  9:29  Overlord  
  86  9:44  Queen  
  86  9:45  Queen x2  
  77  9:56  Spore Crawler  
  77  9:57  Spore Crawler x2  
  74  10:00  Spore Crawler x2  
  74  10:01  Spore Crawler  
  74  10:02  Spore Crawler x2  
  69  10:10  Overlord  
  69  10:11  Baneling  
  69  10:12  Baneling x3, Zergling x10  
  69  10:13  Zergling x6  
  77  10:16  Spore Crawler  
  72  10:42  Drone x8  
  77  10:43  Overlord  
  77  10:49  Drone  
  78  10:52  Extractor  
  78  10:53  Overlord  
  78  10:55  Extractor  
  76  11:01  Drone x2, Infestation Pit  
  76  11:02  Drone x5, Extractor  
  76  11:03  Drone x3  
  85  11:04  Drone x3  
  85  11:09  Overlord  
  85  11:10  Zergling x2  
  85  11:11  Zergling x2  
  89  11:16  Drone x2  
  89  11:17  Drone x2  
  93  11:23  Zergling x8  
  97  11:28  Zerg Ground Armor Level 1  
  97  11:37  Overlord  
  97  11:39  Drone  
  99  11:40  Drone  
  99  11:43  Baneling x5  
  95  11:52  Overlord  
  95  11:53  Queen  
  96  11:55  Spore Crawler  
  96  11:56  Overlord  
  96  11:57  Spore Crawler  
  96  11:58  Overlord  
  96  11:59  Extractor  
  96  12:01  Overlord  
  93  12:03  Pathogen Glands  
  93  12:10  Hydralisk Den  
  93  12:11  Zergling x20  
  93  12:12  Zergling x2  
  103  12:25  Drone x3  
  106  12:32  Baneling x4  
  106  12:34  Overlord  
  106  12:47  Overlord  
  106  12:49  Hydralisk x13  
  132  12:53  Grooved Spines  
  132  13:00  Neural Parasite  
  132  13:04  Drone x2  
  134  13:06  Drone x2  
  136  13:16  Spine Crawler  
  136  13:17  Spine Crawler, Overlord  
  136  13:18  Spine Crawler, Overlord x2  
  136  13:19  Spore Crawler  
  132  13:21  Zerg Missile Weapons Level 2  
  132  13:29  Zergling x2  
  132  13:30  Zergling x24  
  144  13:42  Zergling x2  
  144  13:43  Zergling x20  
  148  14:04  Muscular Augments  
  148  14:06  Hydralisk  
  148  14:07  Hydralisk x11  
  155  14:41  Baneling x5  
  155  14:42  Baneling x3  
  155  14:50  Hydralisk x11  
  96  15:18  Overlord  
  96  15:19  Zergling x12  
  96  15:21  Infestor x5  
  80  15:22  Infestor x4  
  98  15:30  Drone  
  99  15:39  Zergling x2  
  99  15:40  Zergling x8  
  103  15:50  Infestor  
  103  15:51  Infestor x4  
  93  16:48  Zergling x2  
  93  16:49  Zergling x22  
  106  17:01  Drone x2  
  106  17:06  Overlord  
  107  17:09  Overlord  
  107  17:15  Hive  
  107  17:19  Overlord  
  107  17:21  Overlord  
  107  17:23  Hydralisk x2  
  107  17:24  Zerg Ground Armor Level 2  
  107  17:27  Hydralisk x4  
  107  17:29  Extractor  
  116  17:45  Overlord  
  116  17:47  Overseer  
  116  17:57  Lurker Den  
  113  18:01  Drone x14  
  103  18:17  Hatchery  
  103  18:18  Extractor x2  
  100  18:23  Overlord  
  100  18:25  Hydralisk x15  
  130  18:34  Queen  
  130  18:40  Spore Crawler  
  131  18:41  Overlord  
  131  18:43  Spore Crawler  
  130  18:48  Hatchery  
  130  18:51  Extractor  
  130  18:54  Drone x3  
  130  18:55  Overlord  
  131  18:57  Adaptive Talons  
  131  18:58  Overlord  
  101  19:44  Zergling x2  
  102  19:46  Drone  
  102  19:47  Drone x3  
  102  19:48  Drone x2  
  102  19:49  Drone  
  102  19:50  Drone x2  
  111  19:54  Seismic Spines  
  111  19:57  Lurker x8  
  111  19:58  Overlord  
  119  20:00  Drone  
  119  20:01  Drone  
  119  20:02  Drone x2  
  123  20:09  Baneling  
  123  20:10  Baneling  
  122  20:14  Zergling x2  
  122  20:15  Zergling x8  
  122  20:16  Drone x17  
  125  20:30  Drone x3  
  125  20:31  Drone x3  
  125  20:32  Spore Crawler  
  125  20:33  Spore Crawler  
  125  20:35  Spore Crawler, Overlord  
  128  20:36  Spine Crawler x2  
  128  20:38  Baneling x3  
  128  20:39  Baneling x3  
  128  20:40  Overlord  
  128  20:41  Overlord  
  114  21:29  Overlord  
  114  21:31  Overlord  
  114  21:32  Overseer  
  114  21:33  Overseer x3  
  106  21:43  Overlord  
  106  21:48  Lurker  
  106  21:49  Lurker x5  
  106  21:50  Hydralisk x2  
  106  21:51  Overlord  
  116  21:56  Ultralisk Cavern, Adrenal Glands  
  116  21:58  Overlord  
  116  21:59  Overlord  
  107  22:20  Spore Crawler  
  100  22:22  Spore Crawler  
  100  22:23  Spore Crawler  
  100  22:24  Spore Crawler  
  100  22:25  Spore Crawler  
  77  22:42  Hydralisk x10  
  77  22:43  Hydralisk x2  
  93  23:01  Overlord  
  93  23:03  Lurker  
  93  23:04  Lurker  
  93  23:05  Hydralisk  
  95  23:12  Hatchery  
  96  23:14  Lurker x3  
  96  23:15  Lurker  
  96  23:18  Lurker  
  101  23:20  Lurker  
  101  23:24  Extractor  
  101  23:25  Extractor, Hatchery, Lurker x2  
  101  23:26  Lurker  
  102  23:28  Lurker  
  102  23:31  Lurker  
  104  23:42  Overlord  
  104  23:48  Overseer x2  
  104  23:49  Overseer x4  
  82  24:38  Hydralisk x10  
  79  24:39  Hydralisk  
  79  24:44  Spore Crawler  
  100  24:45  Spore Crawler  
  100  24:51  Spore Crawler  
  98  24:54  Spore Crawler  
  94  25:04  Overlord  
  86  25:29  Drone  
  86  25:30  Drone x11  
  86  25:34  Lurker x2  
  100  25:42  Overlord  
  94  26:06  Spore Crawler  
  94  26:07  Spore Crawler x2  
  82  26:19  Drone  
  82  26:20  Drone x2  
  85  26:38  Extractor  
  85  26:39  Drone x3  
  87  26:43  Overlord  
  99  26:54  Ultralisk x2  
  99  27:02  Zergling x2  
  99  27:03  Zergling x14  
  99  27:07  Overseer x6  
Show
View Real Time Build Order
Export as new Build Order

Proto Protoss 

Build Orders: Oracle Opening, Carriers 

Get SALT Encoding   

  12  0:00  Probe  
  13  0:16  Pylon  
  13  0:18  Probe  
  14  0:30  Probe  
  15  0:40  Gateway  
  15  0:42  Probe (Chrono Boost)  
  16  0:49  Assimilator  
  16  0:54  Probe (Chrono Boost)  
  17  1:00  Pylon  
  17  1:01  Probe (Chrono Boost)  
  18  1:06  Assimilator  
  18  1:18  Probe  
  19  1:28  Cybernetics Core  
  19  1:30  Probe (Chrono Boost)  
  20  1:42  Probe (Chrono Boost)  
  21  1:48  Probe (Chrono Boost)  
  22  2:00  Nexus  
  22  2:05  Adept  
  24  2:14  Probe  
  25  2:24  Stargate  
  25  2:36  Probe  
  26  2:38  Pylon  
  26  2:48  Probe  
  27  2:56  Stargate  
  27  3:00  Probe, Assimilator  
  28  3:06  Shield Battery  
  28  3:08  Oracle (Chrono Boost)  
  28  3:12  Probe  
  32  3:25  Probe x2  
  34  3:31  Forge  
  34  3:37  Probe  
  34  3:39  Probe  
  36  3:42  Void Ray  
  40  3:49  Probe  
  40  3:51  Probe  
  42  4:24  Stalker  
  44  4:36  Void Ray x2  
  44  4:44  Probe x2  
  54  4:47  Photon Cannon  
  54  4:50  Photon Cannon  
  54  4:54  Shield Battery  
  54  5:02  Pylon  
  54  5:04  Assimilator  
  54  5:20  Probe x2  
  56  5:32  Probe x2  
  56  5:34  Nexus  
  56  5:35  Stargate  
  58  5:39  Fleet Beacon  
  58  5:44  Probe x2  
  60  5:53  Pylon  
  60  5:56  Probe  
  61  6:07  Pylon  
  61  6:13  Void Ray x2 (Chrono Boost)  
  61  6:18  Probe  
  70  6:21  Protoss Air Weapons Level 1 (Chrono Boost)  
  70  6:22  Pylon  
  70  6:25  Probe, Assimilator  
  71  6:27  Carrier (Chrono Boost)  
  71  6:30  Probe  
  78  6:42  Probe x2  
  78  6:46  Protoss Shields Level 1  
  80  6:54  Probe x2  
  80  6:55  Photon Cannon  
  80  6:58  Shield Battery, Void Ray  
  80  7:00  Pylon  
  82  7:05  Pylon  
  86  7:10  Flux Vanes  
  86  7:25  Probe x2  
  86  7:26  Probe  
  86  7:29  Carrier  
  95  7:40  Assimilator  
  95  7:48  Probe x2  
  95  7:49  Photon Cannon  
  97  7:51  Photon Cannon  
  97  7:52  Shield Battery  
  97  7:54  Shield Battery  
  97  7:55  Carrier  
  103  8:30  Probe x2  
  103  8:32  Carrier  
  111  8:39  Tempest  
  116  8:47  Pylon  
  116  8:48  Protoss Air Armor Level 1 (Chrono Boost)  
  116  8:55  Cybernetics Core  
  116  8:57  Pylon  
  116  9:01  Pylon  
  116  9:38  Carrier x2  
  125  9:39  Carrier  
  125  9:40  Probe x3  
  134  9:55  Protoss Air Weapons Level 2 (Chrono Boost)  
  134  9:59  Robotics Facility  
  134  10:16  Photon Cannon  
  134  10:20  Photon Cannon  
  134  10:37  Void Ray  
  138  10:55  Observer, Pylon  
  139  11:07  Void Ray x2  
  139  11:10  Protoss Air Armor Level 2 (Chrono Boost)  
  139  11:15  Pylon  
  147  11:25  Pylon  
  146  11:27  Void Ray  
  150  11:58  Void Ray  
  149  12:05  Carrier  
  159  12:24  Tempest, Nexus  
  159  12:26  Pylon  
  159  12:29  Pylon  
  164  12:32  Pylon  
  164  12:35  Assimilator  
  164  12:38  Assimilator  
  164  12:41  Twilight Council  
  164  12:42  Protoss Air Weapons Level 3 (Chrono Boost)  
  164  12:47  Observer  
  165  12:54  Robotics Bay  
  165  13:02  Photon Cannon  
  165  13:04  Photon Cannon  
  165  13:06  Photon Cannon  
  165  13:07  Shield Battery  
  165  13:10  Shield Battery  
  165  13:15  Pylon  
  165  13:16  Photon Cannon  
  165  13:18  Shield Battery  
  165  13:26  Carrier x2  
  183  13:27  Carrier  
  183  13:37  Protoss Air Armor Level 3 (Chrono Boost)  
  183  13:52  Protoss Shields Level 2 (Chrono Boost)  
  183  14:03  Observer  
  183  14:14  Gravitic Boosters  
  183  14:20  Observer  
  184  15:14  Tempest x2  
  184  15:15  Tempest  
  198  15:52  Unknown  
  198  15:59  Observer  
  199  16:21  Observer  
  146  16:40  Mothership  
  148  16:47  Carrier x2  
  160  16:56  Void Ray  
  164  17:33  Void Ray  
  168  17:51  Tempest  
  168  17:57  Tempest  
  177  18:07  Stargate  
  176  18:31  Carrier  
  182  18:34  Protoss Shields Level 3  
  182  18:49  Tempest  
  169  19:11  Void Ray  
  117  19:27  Void Ray  
  117  19:29  Void Ray  
  102  19:48  Void Ray  
  102  19:53  Observer  
  102  19:54  Pylon  
  102  19:59  Void Ray  
  111  20:15  Tempest  
  111  20:16  Carrier  
  122  20:31  Carrier  
  124  20:46  Void Ray  
  115  20:52  Void Ray  
  117  21:14  Void Ray  
  121  21:28  Nexus  
  121  21:29  Pylon  
  121  21:32  Pylon  
  121  21:41  Pylon  
  121  21:42  Void Ray x3  
  121  21:51  Photon Cannon  
  133  21:55  Photon Cannon  
  133  21:57  Photon Cannon  
  133  21:58  Shield Battery  
  133  22:00  Shield Battery  
  133  22:03  Shield Battery  
  133  22:04  Assimilator  
  133  22:08  Void Ray  
  133  22:13  Assimilator  
  137  22:15  Photon Cannon  
  137  22:16  Shield Battery  
  137  22:19  Void Ray  
  137  22:27  Void Ray x2  
  149  22:50  Void Ray  
  145  22:56  Void Ray  
  145  23:26  Void Ray  
  144  23:31  Immortal  
  140  23:59  Void Ray  
  144  24:10  Observer  
  137  24:34  Tempest x2  
  142  24:57  Void Ray  
  142  24:58  Void Ray  
  145  25:25  Void Ray  
  145  25:58  Carrier  
  99  26:37  Carrier x2  
Show
View Real Time Build Order
Export as new Build Order

Massa Terran - Winner!

Build Orders: 2 Factory, Mech 

Get SALT Encoding   

  12  0:00  SCV  
  13  0:12  SCV  
  14  0:23  Supply Depot  
  14  0:25  SCV  
  15  0:37  Refinery  
  15  0:45  SCV  
  15  0:47  Barracks  
  16  0:57  SCV  
  16  1:00  Refinery  
  17  1:09  SCV  
  18  1:21  SCV  
  19  1:34  SCV  
  20  1:46  SCV  
  21  2:01  Factory  
  21  2:04  Reaper, Supply Depot  
  22  2:10  Orbital Command  
  22  2:36  Marine  
  23  2:43  Command Center  
  23  3:00  Hellion, Factory  
  23  3:03  Supply Depot  
  25  3:08  Supply Depot  
  25  3:20  Barracks Reactor  
  25  3:22  Hellion  
  25  3:25  SCV  
  28  3:44  Hellion  
  28  3:48  SCV  
  31  4:00  SCV  
  32  4:05  Widow Mine  
  34  4:24  SCV  
  30  4:26  Widow Mine, Orbital Command  
  31  4:36  SCV  
  30  4:47  Marine x2  
  30  4:48  SCV  
  33  4:56  Engineering Bay  
  33  5:00  SCV  
  33  5:02  Factory Tech Lab  
  33  5:05  Barracks, Marine x2  
  36  5:10  Barracks  
  36  5:11  Barracks  
  36  5:13  Refinery  
  34  5:21  Starport  
  34  5:22  Starport, Marine x2  
  34  5:25  Factory  
  36  5:28  Supply Depot  
  36  5:30  Missile Turret  
  36  5:35  Missile Turret  
  36  5:40  Marine x2  
  36  5:41  SCV, Missile Turret  
  39  5:51  Supply Depot  
  39  6:00  Barracks Reactor  
  39  6:01  Barracks Tech Lab  
  39  6:03  Barracks Reactor  
  39  6:04  Cyclone  
  39  6:06  SCV  
  39  6:07  SCV  
  44  6:12  Supply Depot  
  44  6:14  Marine x2  
  46  6:19  SCV  
  46  6:20  SCV  
  48  6:26  Starport Tech Lab  
  48  6:28  Factory Tech Lab  
  48  6:31  SCV  
  48  6:32  SCV, Marine x2  
  52  6:36  Siege Tank  
  55  6:43  SCV  
  55  6:44  SCV  
  55  6:45  Refinery  
  57  6:51  Widow Mine  
  59  6:55  SCV  
  59  6:58  Factory Reactor  
  59  7:00  Stimpack  
  60  7:05  Marauder  
  60  7:06  Marine x6  
  68  7:09  Widow Mine, SCV  
  68  7:10  SCV  
  68  7:12  Widow Mine  
  74  7:22  SCV x2  
  76  7:23  Marine  
  76  7:24  Marine x2  
  76  7:26  Command Center  
  79  7:30  Siege Tank  
  82  7:39  Armory  
  82  7:40  Starport Reactor  
  82  7:42  Medivac  
  84  7:46  Widow Mine  
  84  7:51  Supply Depot  
  86  7:53  Supply Depot  
  86  7:55  Supply Depot  
  86  7:58  Supply Depot  
  86  7:59  Terran Infantry Weapons Level 1  
  92  8:13  Widow Mine x3  
  92  8:17  Marauder, Marine x2  
  98  8:34  Widow Mine x3  
  98  8:35  Widow Mine  
  98  8:36  Marine  
  98  8:38  Marauder  
  98  8:40  Combat Shield  
  107  8:41  SCV x2  
  109  8:53  SCV x2  
  113  8:56  Widow Mine x3  
  113  9:00  Marauder, Siege Tank  
  122  9:05  SCV  
  122  9:06  Drilling Claws  
  123  9:11  SCV  
  123  9:14  Orbital Command  
  126  9:17  Widow Mine x2, Siege Tank  
  126  9:18  SCV  
  126  9:21  Missile Turret  
  126  9:23  SCV  
  133  9:59  Concussive Shells  
  133  10:07  Supply Depot  
  133  10:09  Supply Depot  
  133  10:10  Supply Depot  
  133  10:11  Terran Vehicle Weapons Level 1  
  133  10:14  Engineering Bay  
  133  10:19  Refinery  
  133  10:21  Refinery  
  133  10:28  SCV x2, Marine x2, Medivac x2  
  133  10:29  Supply Depot  
  133  10:30  Marine x4  
  133  10:31  SCV, Thor, Medivac  
  133  10:32  Marauder, Supply Depot  
  133  10:33  Supply Depot  
  133  10:34  Supply Depot  
  156  10:40  SCV  
  156  10:41  Terran Infantry Armor Level 1, Terran Infantry Weapons Level 2  
  157  10:51  SCV x2, Marine  
  157  10:52  SCV  
  157  10:53  Marauder  
  157  10:54  Supply Depot  
  157  10:55  Supply Depot  
  163  10:58  Supply Depot  
  163  11:03  SCV x2  
  165  11:05  SCV  
  166  11:15  SCV x2, Command Center  
  166  11:17  SCV  
  169  11:18  Supply Depot x2  
  169  11:23  Supply Depot  
  169  11:25  Command Center  
  169  11:28  Thor x2  
  169  11:30  Viking x2  
  185  11:53  Viking  
  187  12:00  Viking  
  189  12:05  Terran Vehicle And Ship Armor Level 1  
  187  12:11  Thor x2  
  199  12:47  Missile Turret  
  199  12:50  Missile Turret  
  199  12:54  Terran Infantry Armor Level 2  
  199  12:57  Armory  
  199  13:31  Planetary Fortress  
  199  13:35  Planetary Fortress  
  199  13:42  Terran Infantry Weapons Level 3  
  199  13:49  Missile Turret  
  199  14:08  Missile Turret  
  199  14:18  Missile Turret x2  
  199  14:20  Missile Turret  
  199  14:22  Missile Turret  
  199  14:30  Missile Turret  
  199  14:36  Missile Turret  
  199  14:38  Missile Turret  
  199  14:39  Missile Turret  
  199  14:44  Missile Turret  
  171  15:00  Viking x3  
  171  15:05  Missile Turret x2  
  171  15:06  Missile Turret  
  171  15:13  Missile Turret  
  171  15:23  Thor x2  
  171  15:24  Missile Turret  
  171  15:26  Missile Turret  
  183  15:29  Missile Turret  
  183  15:30  Viking x3  
  183  15:32  Missile Turret  
  183  15:34  Terran Vehicle And Ship Armor Level 2, Terran Vehicle Weapons Level 2  
  189  15:36  Terran Infantry Armor Level 3  
  189  15:46  Missile Turret  
  185  16:00  Missile Turret x2  
  185  16:01  Missile Turret  
  185  16:05  Thor  
  185  16:06  Thor  
  185  16:09  Missile Turret  
  194  16:19  Missile Turret  
  194  16:20  Missile Turret  
  170  16:35  Marauder, Marine x5  
  170  16:37  Widow Mine x2  
  170  16:39  Marine  
  145  16:47  Barracks  
  145  16:48  SCV x3, Thor x2  
  145  16:49  Barracks  
  145  16:53  Marine x5  
  161  16:56  Marauder  
  161  16:57  Marine  
  161  16:59  Widow Mine x2  
  144  17:11  Marine x5  
  144  17:14  Marine  
  150  17:18  Marauder  
  150  17:22  Command Center  
  152  17:24  SCV  
  152  17:25  SCV x3  
  152  17:29  Marine  
  157  17:31  Thor x2  
  157  17:37  SCV  
  170  17:39  Marauder  
  170  17:43  Viking x2  
  170  17:44  Viking  
  178  17:53  Command Center  
  176  18:00  Marauder  
  176  18:13  Medivac, Viking  
  176  18:14  Medivac  
  182  18:43  Medivac  
  184  18:50  Medivac  
  184  18:51  Thor x2, Medivac  
  200  19:00  Refinery  
  200  19:04  Refinery  
  135  19:32  Widow Mine x2  
  135  19:33  Marauder  
  135  19:34  Barracks Reactor, Barracks Tech Lab, Marine x2, Thor x2  
  135  19:35  Marine x4  
  145  19:41  Planetary Fortress  
  145  19:44  Missile Turret  
  135  19:49  Missile Turret  
  135  19:52  Marine x3  
  136  19:53  Marine x2  
  136  19:54  Widow Mine, Marauder  
  144  20:00  Widow Mine  
  144  20:01  Marauder  
  144  20:02  Marine  
  147  20:10  Marine  
  147  20:11  Missile Turret  
  148  20:15  Widow Mine  
  148  20:16  Marauder, Missile Turret x2  
  148  20:17  Thor x2  
  148  20:18  SCV x2  
  148  20:19  SCV  
  167  20:30  Viking x3  
  173  20:37  Marauder  
  175  20:55  Widow Mine  
  175  20:56  Widow Mine  
  181  20:57  Marauder, Marine x5  
  181  20:59  Marauder, Thor x2  
  198  21:17  Widow Mine  
  196  21:42  Thor  
  197  21:54  Medivac  
  132  22:46  Thor x2  
  120  23:09  Marauder x2, Marine x4  
  120  23:10  Marine  
  127  23:13  Widow Mine  
  127  23:14  Widow Mine, Marine  
  127  23:15  Marine x2  
  134  23:24  Refinery  
  134  23:25  Refinery  
  134  23:27  Marine x5  
  134  23:29  Thor x2  
  134  23:30  Marauder x2  
  134  23:32  Marine x3  
  158  23:35  Orbital Command  
  158  23:44  Marine  
  158  23:45  Marine x4  
  163  23:50  Marine x3  
  163  23:51  Marauder x2  
  163  23:53  Widow Mine x2  
  174  23:58  Terran Vehicle And Ship Armor Level 3  
  174  23:59  Terran Ship Weapons Level 1  
  174  24:02  Marine x2  
  174  24:03  Marine x3  
  174  24:08  Marine x3  
  182  24:12  Marine x2, Thor x2  
  182  24:14  Widow Mine x2  
  197  24:30  Marine x2  
  189  24:58  Missile Turret x2  
  189  24:59  Missile Turret  
  189  25:00  Missile Turret  
  189  25:05  Missile Turret  
  189  25:07  Missile Turret  
  189  25:18  Thor x2, Missile Turret  
  197  25:22  Missile Turret  
  137  26:48  Marine  
  137  26:49  Marine x9  
  137  26:51  Thor x2  
  137  26:53  Widow Mine x2  
  163  27:06  Marine  
  163  27:07  Marine x9  
  173  27:24  Marine x3  
  173  27:25  Marine x7  
Show
View Real Time Build Order
Export as new Build Order

qqq Zerg - Winner!

Build Orders: Hatch First 

Get SALT Encoding   

  12  0:00  Drone  
  13  0:11  Drone  
  14  0:23  Overlord  
  14  0:50  Hatchery  
  14  0:52  Drone x2  
  14  0:56  Drone  
  17  1:11  Drone  
  17  1:19  Spawning Pool  
  17  1:25  Drone  
  17  1:29  Extractor  
  16  1:37  Drone x2  
  19  1:47  Drone  
  19  2:06  Queen  
  19  2:07  Queen  
  24  2:08  Drone  
  24  2:16  Drone, Overlord  
  24  2:20  Drone  
  24  2:21  Zergling x2  
  27  2:33  Drone  
  27  2:34  Zergling x2  
  29  2:41  Metabolic Boost  
  29  2:42  Overlord  
  29  2:48  Zergling x4  
  30  2:52  Zergling x2  
  30  2:57  Zergling x2  
  32  3:02  Zergling x2  
  33  3:13  Zergling x2  
  33  3:14  Zergling x2  
  33  3:18  Zergling x6  
  33  3:19  Overlord  
  38  3:20  Zergling x4  
  40  3:30  Zergling x2  
  40  3:32  Zergling x2  
  42  3:39  Zergling x2  
  42  3:40  Zergling x2  
  44  3:46  Zergling x6  
  44  3:47  Zergling x2  
  44  3:48  Zergling x4  
  50  3:56  Baneling Nest  
  34  4:30  Lair  
  33  4:32  Spore Crawler  
  33  4:33  Drone x2  
  33  4:34  Drone x4  
  38  4:39  Zergling x2  
  38  4:40  Drone, Zergling x4  
  38  4:41  Zergling x4  
  44  4:48  Baneling x4  
  44  4:55  Spore Crawler  
  43  5:19  Extractor, Drone x3  
  43  5:20  Drone x3  
  48  5:23  Drone  
  49  5:29  Hatchery  
  49  5:32  Drone  
  49  5:33  Drone  
  49  5:34  Drone x2  
  52  5:45  Spire  
  52  5:46  Drone  
  52  5:52  Overlord x2  
  52  6:07  Overlord x2  
  52  6:08  Overlord  
  52  6:10  Drone  
  52  6:11  Drone x3  
  55  6:13  Drone  
  55  6:18  Infestation Pit  
  56  6:19  Drone  
  56  6:20  Drone  
  56  6:22  Drone  
  59  6:26  Extractor  
  59  6:27  Extractor, Drone  
  59  6:28  Drone  
  59  6:29  Zergling x2  
  60  6:41  Drone  
  60  6:42  Drone x4  
  65  6:54  Drone  
  65  6:56  Queen  
  68  7:13  Hatchery  
  62  7:19  Drone x2  
  64  7:23  Mutalisk x3  
  64  7:24  Mutalisk x3  
  64  7:27  Corruptor  
  78  7:36  Spore Crawler  
  78  7:37  Spore Crawler, Corruptor  
  76  7:39  Drone x2  
  80  7:47  Spore Crawler x2  
  80  7:48  Drone  
  80  7:50  Spore Crawler  
  78  7:57  Zerg Flyer Weapons Level 1  
  78  8:00  Hive  
  78  8:12  Corruptor  
  80  8:17  Drone  
  80  8:18  Drone  
  82  8:21  Extractor, Mutalisk  
  82  8:25  Drone x2  
  85  8:28  Drone  
  85  8:29  Drone x3  
  85  8:30  Hatchery  
  88  8:34  Spore Crawler  
  88  8:35  Drone x2  
  88  8:36  Extractor  
  88  8:44  Drone  
  89  8:48  Mutalisk x3  
  89  8:51  Zergling x4  
  89  8:52  Drone x2  
  99  8:57  Overseer  
  99  9:04  Drone x2  
  99  9:07  Mutalisk  
  103  9:13  Overlord  
  103  9:14  Overlord x5  
  103  9:44  Mutalisk x2  
  103  9:45  Viper  
  107  9:46  Viper  
  107  9:47  Zergling x2  
  114  9:57  Drone x6  
  120  10:03  Spine Crawler  
  120  10:04  Spine Crawler  
  120  10:05  Spore Crawler  
  117  10:10  Hatchery, Corruptor x2  
  117  10:11  Mutalisk  
  117  10:12  Mutalisk  
  109  10:34  Mutalisk x4  
  112  10:45  Zerg Flyer Armor Level 1  
  112  10:49  Mutalisk  
  112  10:51  Zergling x6  
  112  10:52  Drone x6  
  123  11:02  Queen  
  125  11:05  Queen  
  127  11:19  Corruptor x3  
  127  11:20  Corruptor x2  
  127  11:22  Zergling x2  
  127  11:23  Zergling x2  
  127  11:25  Hatchery  
  122  11:33  Zergling x8  
  122  11:34  Drone x3  
  125  11:40  Queen  
  127  11:56  Drone x2  
  127  11:57  Drone x2  
  131  12:05  Hatchery  
  131  12:08  Drone x4  
  132  12:09  Drone, Viper  
  132  12:10  Viper  
  132  12:15  Extractor  
  140  12:16  Pneumatized Carapace  
  140  12:17  Extractor  
  140  12:18  Spore Crawler  
  138  12:33  Drone x3  
  138  12:34  Drone x4, Corruptor x3  
  151  12:50  Zerg Flyer Weapons Level 2  
  151  13:40  Viper  
  154  13:49  Spine Crawler  
  154  13:52  Queen  
  154  13:54  Drone x3  
  154  13:55  Drone x8  
  162  13:56  Drone x2  
  165  14:10  Spine Crawler  
  165  14:12  Drone, Spine Crawler x2  
  165  14:15  Drone  
  165  14:16  Drone x2  
  166  14:18  Spine Crawler  
  166  14:20  Spore Crawler  
  166  14:22  Spine Crawler  
  153  14:34  Mutalisk  
  153  14:35  Mutalisk x6  
  147  14:44  Extractor x2  
  144  14:45  Drone x2  
  144  14:46  Drone  
  144  14:47  Queen  
  144  14:49  Extractor, Drone x2  
  144  14:50  Drone x2  
  151  15:01  Mutalisk x3  
  151  15:02  Mutalisk x3  
  151  15:04  Zergling x2  
  164  15:07  Overlord  
  164  15:08  Overlord x4  
  164  15:14  Zerg Flyer Weapons Level 3  
  164  15:22  Overlord x3  
  164  15:23  Overlord x3  
  164  15:34  Drone x8  
  172  15:43  Hatchery  
  103  16:40  Mutalisk x2  
  103  16:41  Mutalisk x6  
  103  16:42  Corruptor x6  
  119  16:49  Mutalisk  
  119  16:50  Mutalisk x2, Corruptor x2  
  119  16:52  Drone x5  
  119  16:53  Drone x2  
  134  17:07  Extractor  
  133  17:09  Extractor, Drone x2  
  133  17:10  Drone x3  
  137  17:22  Baneling  
  135  17:23  Baneling  
  135  17:28  Spore Crawler  
  132  17:30  Drone x6  
  132  17:31  Drone x2, Zergling x6, Spore Crawler  
  132  17:32  Zergling x8, Spore Crawler  
  132  17:34  Spore Crawler  
  144  17:39  Spine Crawler  
  143  17:44  Hatchery  
  143  17:50  Zerg Flyer Armor Level 2, Viper x4  
  149  18:01  Drone  
  149  18:02  Drone x3  
  149  18:05  Spine Crawler  
  151  18:10  Drone x2  
  151  18:12  Drone  
  154  18:14  Mutalisk x2  
  154  18:15  Corruptor x2  
  153  18:28  Drone x2  
  154  18:35  Baneling  
  154  18:36  Baneling x8  
  154  18:37  Drone x3  
  157  18:45  Mutalisk x2, Spore Crawler x2  
  157  18:46  Corruptor  
  161  18:49  Spore Crawler x2  
  159  19:01  Centrifical Hooks  
  124  19:23  Mutalisk x2  
  124  19:24  Mutalisk x2, Corruptor x3  
  98  19:25  Zergling x8  
  98  19:26  Zergling x6  
  98  19:27  Drone  
  98  19:28  Viper  
  115  19:43  Mutalisk x5  
  115  19:46  Drone x2  
  117  19:58  Viper x2  
  123  20:00  Drone x4  
  127  20:10  Hatchery  
  126  20:21  Mutalisk x2  
  126  20:22  Mutalisk  
  126  20:23  Zergling x4  
  126  20:24  Zergling x8  
  131  20:32  Zergling x14  
  138  20:37  Mutalisk x2  
  138  20:42  Mutalisk x2  
  141  20:56  Mutalisk x4  
  138  21:01  Zergling x2  
  138  21:02  Mutalisk x2, Zergling x2  
  138  21:03  Mutalisk  
  132  21:04  Drone  
  132  21:09  Baneling x6  
  129  21:15  Drone x3  
  132  21:26  Viper  
  132  21:27  Viper  
  132  21:28  Viper  
  141  21:35  Hatchery  
  141  21:38  Drone x2  
  142  21:43  Spore Crawler  
  142  21:46  Spine Crawler, Spore Crawler  
  139  21:53  Baneling x3  
  139  21:54  Baneling x4  
  139  21:56  Overseer x2  
  139  21:59  Drone  
  139  22:00  Drone x2  
  124  22:30  Mutalisk x4  
  124  22:32  Drone x2  
  123  22:49  Mutalisk x2  
  118  22:51  Drone x3  
  118  23:00  Spine Crawler  
  118  23:02  Spore Crawler  
  118  23:03  Spine Crawler  
  112  23:09  Mutalisk x3  
  113  23:16  Zergling x4  
  113  23:17  Zergling x14  
  119  23:20  Drone x3  
  119  23:25  Spore Crawler  
  119  23:26  Spore Crawler  
  107  23:34  Mutalisk x2  
  97  23:50  Mutalisk  
  97  23:51  Mutalisk x2  
  97  23:53  Drone x3  
  97  23:58  Extractor  
  96  24:11  Mutalisk x3  
  94  24:19  Mutalisk  
  94  24:36  Hatchery  
  94  24:38  Mutalisk x2  
  92  24:57  Mutalisk  
  75  25:24  Mutalisk  
  75  25:25  Mutalisk x2  
  79  25:32  Hatchery  
  77  25:50  Mutalisk  
  78  25:57  Mutalisk  
  80  26:17  Mutalisk  
  76  26:29  Drone x3  
  79  26:38  Spine Crawler, Spore Crawler  
  77  26:40  Spine Crawler  
  77  26:41  Mutalisk, Spine Crawler x2  
  77  26:42  Zergling x4  
  77  26:43  Zergling x12  
  77  26:44  Spine Crawler  
  63  27:08  Mutalisk  
  63  27:09  Mutalisk x2  
  69  27:46  Hatchery  
Tags
 
Add a new tag
Caveats
  • Supply blocks, unpowered buildings, or Contaminate may cause inaccurate times.
  • Supply counts are checked every 10 seconds.